 Dungeon Crawl Stone Soup version 0.29-a0-993-g4a18f31a58 (webtiles) character file.

Game seed: 16484135054177297279

268 jlumianski the Chopper (level 6, -1/53 HPs)
             Began as a Minotaur Fighter on Aug 2, 2022.
             Killed by nerve-wracking pain
             ... invoked by Menkaure
              (14 damage)
             ... on level 4 of the Dungeon.
             The game lasted 00:10:37 (3509 turns).

jlumianski the Chopper (Minotaur Fighter)           Turns: 3509, Time: 00:10:38

Health: -1/53      AC:  8    Str: 23    XL:     6   Next: 0%
Magic:  5/5        EV:  9    Int:  5    God:
Gold:   127        SH:  4    Dex:  9    Spells: 5/5 levels left

rFire   . . .      SeeInvis .   a - +0 war axe
rCold   . . .      Faith    .   c - +0 buckler
rNeg    . . .      Spirit   .   b - +0 scale mail
rPois   +          Reflect  .   (helmet restricted)
rElec   .          Harm     .   n - +0 cloak
rCorr   .          Rampage  .   (no gloves)
Will    .....                   (no boots)
Stlth   ..........              (no amulet)
HPRegen 0.17/turn               r - ring of poison resistance
MPRegen 0.09/turn               (no ring)

@: mighty, studying Armour
A: horns 2, retaliatory headbutt
a: no special abilities


You were on level 4 of the Dungeon.
You visited 1 branch of the dungeon, and saw 4 of its levels.

You collected 127 gold pieces.

Inventory:

Hand Weapons
 a - a +0 war axe (weapon)
 l - a +5 vampiric dagger
Missiles
 p - 9 poisoned darts (quivered)
Armour
 b - a +0 scale mail (worn)
 c - a +0 buckler (worn)
 n - a +0 cloak (worn)
Jewellery
 r - a ring of poison resistance (left hand)
Wands
 h - a wand of flame (16)
Scrolls
 g - a scroll of blinking
 o - a scroll of fear {unknown}
 q - a scroll of magic mapping
Potions
 e - a potion of attraction
 f - 2 potions of curing
 i - a potion of invisibility
 j - a potion of brilliance
 k - a potion of magic
 m - a potion of lignification


   Skills:
 + Level 4.4 Fighting
 + Level 5.4 Axes
 + Level 5.3 Armour
 + Level 1.1 Dodging
 + Level 0.5 Stealth
 + Level 4.2 Shields


You had 5 spell levels left.
You didn't know any spells.
Your spell library contained the following spells:

 Spells                   Type           Power      Damage    Failure   Level
 Sting                    Tmut/Pois      0%         1d3       86%         1
 Poisonous Vapours        Pois/Air       0%         N/A       94%         2
 Scorch                   Fire           0%         2d5       94%         2
 Spider Form              Tmut/Pois      0%         N/A       99%         3
 Corpse Rot               Necr/Pois/Air  0%         N/A       100%        4
 Flame Wave               Conj/Fire      0%         2d4       100%        4
 Petrify                  Tmut/Erth      0%         N/A       100%        4
 Summon Cactus Giant      Summ           0%         N/A       100%        6


Dungeon Overview and Level Annotations

Branches:
Dungeon (4/15)
 Temple: D:4-7

Altars:
Makhleb

Shops:
D:1 =   D:4 [

Annotations:
D:4 Menkaure


Innate Abilities, Weirdness & Mutations

You have a pair of horns on your head.
You reflexively headbutt those who attack you in melee.


Message History

You kill the hobgoblin!
The ball python barely misses you. The ball python completely misses you.
You slash the ball python!
You kill the ball python!
The jackal barely misses you. You furiously retaliate!
You headbutt the jackal!
You kill the jackal!
You hit the jackal. You headbutt the jackal.
You kill the jackal!
You have reached level 6!
You miss the jackal. The jackal closely misses you. You furiously retaliate!
You headbutt the jackal!
You kill the jackal!
Items here: ††††.
You pick up a book of Vapours and begin reading...
You add the spells Poisonous Vapours and Corpse Rot to your library.
You start resting.
A goblin comes into view. It is wielding a +0 club.
The goblin shouts!
You slash the goblin!
You kill the goblin!
Items here: ) ††††.
Items here: ) ††††.
Menkaure, Prince of Dust comes into view.
Menkaure shouts!
You feel very mighty all of a sudden. Menkaure hits you!!
You closely miss Menkaure. You block Menkaure's attack.
You hit Menkaure.
Menkaure is lightly damaged.
Menkaure barely misses you. You furiously retaliate!
You headbutt Menkaure! You barely miss Menkaure.
Menkaure is moderately damaged.
Menkaure casts a spell at you. Pain shoots through your body!
* * * LOW HITPOINT WARNING * * *
You slash Menkaure!
Menkaure is almost destroyed.
Menkaure gestures at you while chanting.
Pain shoots through your body!
You die...

#.##### ######.....#
#[..##.....#
############...##.....##
.............>......†.>#
..##########...##......#
..#....# #...##.....)#
..#....###########.....#####
.........)......@..........#
..#....########M###....###.#
###....# #.# #......# #....#
#.# #....#.# #...... #..
##.#<..# ###..... ##.
#.#.######. #...... .#
#.......... #.h...! .#
###.####...# . ####.####...#


You could see Menkaure.

Vanquished Creatures
  A jelly (D:4)
  A hound (D:4)
  Ijyb (D:3)
  3 gnolls
  2 adders
  3 worms
  2 dart slugs
  11 orcs
  12 endoplasms
  2 giant cockroaches
  16 goblins
  9 hobgoblins
  8 jackals
  10 kobolds
  7 quokkas
  3 ball pythons
  3 bats
  3 frilled lizards
  2 rats (D:1)
99 creatures vanquished.

Vanquished Creatures (others)
  A fungus (D:2)
  A plant (D:2)
2 creatures vanquished.

Grand Total: 101 creatures vanquished

Notes
Turn   | Place    | Note
-------+----------+-------------------------------------------
     0 | D:1      | jlumianski the Minotaur Fighter began the quest for the
                  | Orb.
     0 | D:1      | Reached XP level 1. HP: 19/19 MP: 0/0
   161 | D:2      | Found a faded altar of an unknown god.
   191 | D:1      | Reached XP level 2. HP: 13/27 MP: 1/1
   871 | D:1      | Found Siez's Jewellery Emporium.
   915 | D:1      | Reached XP level 3. HP: 33/33 MP: 2/2
  1474 | D:2      | Reached XP level 4. HP: 18/40 MP: 3/3
  1755 | D:3      | Noticed Ijyb
  2289 | D:3      | Killed Ijyb
  2611 | D:3      | Reached XP level 5. HP: 39/46 MP: 4/4
  2705 | D:3      | Identified a scroll of acquirement
  2705 | D:3      | Acquired a manual of Armour
  3067 | D:3      | Got the Volume of Vitriolic Transfiguration
  3104 | D:3      | Found a faded altar of an unknown god.
  3108 | D:3      | Found a burning altar of Makhleb.
  3241 | D:4      | Reached skill level 5 in Armour
  3241 | D:4      | Reached skill level 1 in Dodging
  3244 | D:4      | Reached skill level 5 in Axes
  3310 | D:4      | Found Erlang's Dragon-Slaying Spoils.
  3456 | D:4      | Reached XP level 6. HP: 33/53 MP: 5/5
  3502 | D:4      | Noticed Menkaure
  3509 | D:4      | Killed from afar by Menkaure

Illustrated notes

Levels and vault maps discovered:
D:1:      saegor_arrival_fortress, layout_basic, serial_shops, shop,
          chequers_mini_garden, minmay_circled_x
D:2:      layout_rooms, shapermc_ecumenical_altar_acropolis
D:3:      layout_rooms, nicolae_overflow_ecumenical_swirl, minmay_box_of_dots,
          uniq_ijyb
D:4:      layout_basic, nicolae_shop_dragon_depot, uniq_menkaure

Skill      XL: |  1  2  3  4  5 |
---------------+----------------+-----
Armour         | 4 5 |  5.3
Fighting       | 4 |  4.4
Shields        | 4 |  4.2
Axes           | 3 4 5 |  5.4
Dodging        | 1 |  1.1
Stealth        | |  0.5

Action                   |  1- 3 |  4- 6 || total
-------------------------+-------+-------++-------
Melee: War axe           |    80 |   118 ||   198
       Headbutt          |     8 |    20 ||    28
  Use: Potion            |     1 |     3 ||     4
       Scroll            |     1 |     9 ||    10
Armor: Scale mail        |    48 |    38 ||    86
Dodge: Dodged            |    48 |    61 ||   109
Block: Buckler           |    20 |    29 ||    49

Table legend: (Time is in decaauts)
 A = Elapsed time spent in this place.
 B = Non-inter-level travel time spent in this place.
 C = Inter-level travel time spent in this place.
 D = Time resting spent in this place.
 E = Time spent auto-exploring this place.
 F = Levels seen in this place.
 G = Mean time per level.
                   A        B        C        D        E       F      G
               +--------+--------+--------+--------+--------+-----+--------+
         Total |   3588 |   3561 |     27 |    861 |   1466 |   4 |  897.0 |
       Dungeon |   3588 |   3561 |     27 |    861 |   1466 |   4 |  897.0 |
               +--------+--------+--------+--------+--------+-----+--------+

Top non-repeatable levels by time:
     D:2: 1209 daAuts
     D:1: 1059 daAuts
     D:3: 954 daAuts
     D:4: 364 daAuts
